 Dungeon Crawl Stone Soup version 0.20.1-1-g8b1a95d (webtiles) character file.

164 ClockworkOrrery the Digger (level 5, -5/29 HPs)
             Began as a Gargoyle Earth Elementalist on Sept 9, 2017.
             Slain by a hornet (7 damage)
             ... on level 3 of the Dungeon.
             The game lasted 00:10:53 (2244 turns).

ClockworkOrrery the Digger (GrEE)                   Turns: 2244, Time: 00:10:56

Health: -5/29      AC: 10    Str: 11    XL:     5   Next: 45%
Magic:  3/10       EV: 10    Int: 17    God:
Gold:   64         SH:  0    Dex: 10    Spells: 9/10 levels left

rFire    . . .     SeeInvis .   q - +2 dagger (drain)
rCold    . . .     Gourm    .   (no shield)
rNeg     + . .     Faith    .   i - +1 ring mail
rPois    ∞         Spirit   .   (no helmet)
rElec    +         Reflect  .   (no cloak)
rCorr    .         Harm     .   (no gloves)
MR       .....                  (no boots)
Stlth    ..........             (no amulet)
Regen    0.1/turn               l - ring of loudness (curse)
MPRegen  0.2/turn               (no ring)

@: no status effects
A: negative energy resistance 1, electricity resistance, unbreathing,
petrification resistance, rot immunity, AC +4
a: no special abilities


You were on level 3 of the Dungeon.
You were not hungry.

You visited 1 branch of the dungeon, and saw 3 of its levels.

You collected 64 gold pieces.

Inventory:

Hand Weapons
 q - a +2 dagger of draining (weapon)
Missiles
 b - 31 stones (quivered)
Armour
 i - a +1 ring mail (worn)
Jewellery
 l - a cursed ring of loudness (left hand)
Scrolls
 h - 2 scrolls of teleportation
 j - 3 scrolls of remove curse
 k - a scroll of identify {unknown}
 n - a scroll of recharging {unknown}
 o - a scroll of enchant armour
Potions
 a - 3 potions of curing {unknown}
Books
 e - a book of Geomancy

   Spells                             Type                      Level
   a - Sandblast                      Earth                        1
   b - Passwall                       Transmutation/Earth          2
   c - Stone Arrow                    Conjuration/Earth            3
   d - Petrify                        Transmutation/Earth          4
   e - Lee's Rapid Deconstruction     Earth                        5
 p - a book of Misfortune

   Spells                             Type                      Level
   a - Confusing Touch                Hexes                        1
   b - Confuse                        Hexes                        3
   c - Gell's Gravitas                Translocation                3
   d - Petrify                        Transmutation/Earth          4
   e - Metabolic Englaciation         Hexes/Ice                    5
   f - Yara's Violent Unravelling     Hexes/Transmutation          5
Comestibles
 d - 5 bread rations
 f - 3 chunks of flesh
 g - 3 royal jellies
 m - a meat ration


   Skills:
 + Level 1.5 Fighting
 * Level 2.7 Armour
 + Level 1.8 Dodging
 - Level 2.1 Stealth
 * Level 3.4 Spellcasting
   Level 0.7 Transmutations
 + Level 4.3 Earth Magic


You had 9 spell levels left.
You knew the following spells:

 Your Spells              Type           Power        Failure   Level  Hunger
a - Sandblast             Erth           ###...       6%          1    None


Dungeon Overview and Level Annotations

Branches:
Dungeon (3/15)

Altars:
Gozag


Innate Abilities, Weirdness & Mutations

You are resistant to torment.
Your stone body is resilient. (AC +4)
You are immune to poison.
You resist negative energy. (rN+)
You are resistant to electric shocks. (rElec)
You can survive without breathing.
You are immune to petrification.
You are immune to rotting.


Message History

Confirm with . or Enter, or press ? or * to list all spells.
Aiming: Sandblast
Press: ? - help, Shift-Dir - straight line, f/p - hornet
Aim: a hornet (heavily wounded, lightly drained)
The blast of sand hits the hornet.
The hornet is severely wounded.
b - 32 stones The hornet stings you.
Casting: Sandblast
Confirm with . or Enter, or press ? or * to list all spells.
Aiming: Sandblast
Press: ? - help, Shift-Dir - straight line, f/p - hornet
Aim: a hornet (severely wounded, lightly drained)
The blast of sand hits the hornet.
The hornet is severely wounded.
b - 31 stones The hornet stings you!
* * * LOW HITPOINT WARNING * * *
The hornet stings you!
You die...

#### ######### #...#
#.......## ≈....#
#........## ....#
#..###....##
♣.y#####..#.#.)...#
♣.@......##.##...#
≈..P≈≈≈♣♣..##...#[#...##
...≈≈P≈P≈♣.###..##.##..#
....PP≈≈≈♣.# ##...#.#...
≈..PP≈≈≈≈♣.# #...##.###
...♣≈≈≈≈≈♣.# ##.#...#...
!..≈≈≈≈≈≈♣.###..##..#...
..≈≈≈≈≈≈P≈.....##...#..)
..PP≈≈≈♣.....##..##)###


You could see a hornet.

Vanquished Creatures
  A worker ant (D:3)
  5 adders
  An ooze (D:2)
  2 worms (D:2)
  A dart slug (D:2)
  3 leopard geckos
  An orc (D:3)
  A ball python (D:1)
  3 giant cockroaches
  9 goblins
  7 hobgoblins
  4 jackals (D:1)
  13 bats
  7 frilled lizards
  6 kobolds
  11 rats
75 creatures vanquished.

Notes
Turn   | Place    | Note
-------+----------+-------------------------------------------
     0 | D:1      | ClockworkOrrery the Gargoyle Earth Elementalist began the quest for the Orb.
     0 | D:1      | Reached XP level 1. HP: 10/10 MP: 3/3
   129 | D:1      | Reached skill level 1 in Armour
   165 | D:1      | Reached XP level 2. HP: 15/15 MP: 1/5
   448 | D:1      | Reached XP level 3. HP: 18/20 MP: 6/6
   896 | D:2      | Found an opulent altar of Gozag.
   923 | D:2      | Reached skill level 1 in Fighting
   923 | D:2      | Reached skill level 4 in Earth Magic
   927 | D:2      | Reached XP level 4. HP: 23/25 MP: 8/8
  1583 | D:3      | HP: 1/25 [worker ant (3)]
  1587 | D:3      | Reached XP level 5. HP: 1/29 MP: 5/9
  2229 | D:3      | Noticed a hornet
  2244 | D:3      | Slain by a hornet

Skill      XL: |  1  2  3  4 |
---------------+-------------+-----
Armour         | 1 2 |  2.7
Fighting       | 1 |  1.5
Earth Magic    | 4 |  4.3
Spellcasting   | 3 |  3.4
Dodging        | |  1.8
Stealth        | |  2.1
Transmutations | |  0.7

Action                   |  1- 3 |  4- 6 || total
-------------------------+-------+-------++-------
Melee: Club              |    25 |       ||    25
       Short sword       |    32 |   105 ||   137
       Dagger            |       |    15 ||    15
 Cast: Sandblast         |    29 |    43 ||    72
  Use: Scroll            |     3 |     1 ||     4
  Eat: Chunk             |       |     5 ||     5
Armor: Robe              |     7 |       ||     7
       Ring mail         |    20 |    87 ||   107
Dodge: Dodged            |    49 |    77 ||   126
